 Dungeon Crawl Stone Soup version 0.26.1 (webtiles) character file.

Game seed: 14092878874902018794

139 Gauvater the Firebug (level 5, -1/31 HPs)
             Began as an Octopode Fire Elementalist on Feb 6, 2021.
             Slain by Ijyb
             ... wielding a +5 club
              (2 damage)
             ... on level 3 of the Dungeon.
             The game lasted 00:10:25 (2984 turns).

Gauvater the Firebug (Octopode Fire Elementalist)   Turns: 2984, Time: 00:10:28

Health: -1/31      AC:  1    Str:  7    XL:     5   Next: 22%
Magic:  3/9        EV: 13    Int: 19    God:
Gold:   112        SH:  0    Dex: 12    Spells: 9/10 levels left

rFire    + . .     SeeInvis .   q - +0 falchion (drain)
rCold    x . .     Faith    .   (no shield)
rNeg     + . .     Spirit   .   (helmet restricted)
rPois    .         Reflect  .   v - amulet of the acrobat
rElec    .         Harm     .   j - ring of fire
rCorr    .         Rampage  .   p - ring of positive energy
Will     .....                  (no ring)
Stlth    +++.......             (no ring)
HPRegen  0.10/turn              (no ring)
MPRegen  0.11/turn              (no ring)
                                (no ring)
                                (no ring)

@: very slightly contaminated
A: almost no armour, stealthy swim, amphibious, 8 rings, constrict 8, camouflage
1, gelatinous body 1
a: no special abilities


You were on level 3 of the Dungeon.
You visited 1 branch of the dungeon, and saw 3 of its levels.

You collected 112 gold pieces.

Inventory:

Hand Weapons
 q - a +0 falchion of draining (weapon)
Missiles
 h - 57 stones
 i - 16 bolts
 o - 3 javelins
 r - 32 arrows
 t - 6 boomerangs
Jewellery
 j - a ring of fire (left tentacle)
 p - a ring of positive energy (right tentacle)
 v - an amulet of the acrobat (around mantle)
Scrolls
 m - a scroll of remove curse
 n - a scroll of enchant weapon
Potions
 a - a potion of degeneration {unknown}
 b - a potion of ambrosia {unknown}
 c - a potion of might {unknown}
 d - a potion of cancellation {unknown}
 e - a potion of lignification {unknown}
 f - a potion of brilliance {unknown}
 g - 2 potions of curing {unknown}
 k - a potion of berserk rage {unknown}
 l - 2 potions of haste {unknown}
 u - a potion of heal wounds {unknown}


   Skills:
 + Level 0.1 Fighting
 + Level 2.1 Dodging
 + Level 3.3 Stealth
 + Level 3.2 Spellcasting
 + Level 1.9 Conjurations
 + Level 4.2 Fire Magic


You had 9 spell levels left.
You knew the following spells:

 Your Spells              Type           Power        Failure   Level
a - Foxfire               Conj/Fire      88%          4%          1

Your spell library contained the following spells:

 Spells                   Type           Power        Failure   Level
 Conjure Flame            Conj/Fire      22%          13%         3
 Inner Flame              Hex/Fire       16%          19%         3
 Sticky Flame             Conj/Fire      22%          38%         4
 Fireball                 Conj/Fire      11%          75%         5


Dungeon Overview and Level Annotations

Branches:
Dungeon (3/15)

Altars:

Annotations:
D:3 Ijyb, Terence


Innate Abilities, Weirdness & Mutations

You cannot wear most types of armour.
You are very stealthy in the water. (Stealth+)
You are amphibious.
You can wear up to eight rings at the same time.
You can use your tentacles to constrict eight enemies at once.
Your skin changes colour to match your surroundings (Stealth+).
Your rubbery body absorbs attacks. (AC +1, EV +1)


Message History

The foxfire hits Ijyb but does no damage.
Ijyb is heavily wounded.
Ijyb hits you with a +5 club.
You hit Ijyb but do no damage. You grab Ijyb.
Ijyb is heavily wounded.
You constrict Ijyb, but do no damage. Ijyb hits you with a +5 club.
Casting: Foxfire (safe; 4% risk of failure)
Confirm with . or Enter, or press ? or * to list all spells.
You feel a surge of power!
You conjure some foxfire!
You constrict Ijyb, but do no damage. Ijyb hits you with a +5 club!
* * * LOW HITPOINT WARNING * * *
Unknown command.
You hit Ijyb but do no damage.
Ijyb is heavily wounded.
You constrict Ijyb, but do no damage.
The foxfire hits Ijyb.
Ijyb is heavily wounded.
The foxfire hits Ijyb but does no damage.
Ijyb is heavily wounded.
Ijyb hits you with a +5 club.
You die...

############
#..........# #######
#.##.......#
#....ยง#####.##.......#
#....@......##.).....#
#....g#############'##
#.....# #.# ........#
#.## ###.....# #...
#.....# #####..#
#....## #....... #....
#....... #.....#.


You could see Ijyb.

Vanquished Creatures
  2 orc wizards (D:3)
  3 adders
  2 worms
  3 dart slugs
  A leopard gecko (D:1)
  2 orcs (D:3)
  2 ball pythons
  2 giant cockroaches (D:2)
  6 goblins
  5 hobgoblins
  A quokka (D:2)
  3 bats
  2 frilled lizards (D:1)
  4 kobolds (D:1)
  10 rats
48 creatures vanquished.

Vanquished Creatures (others)
  A rat (D:1)
  118 foxfires
119 creatures vanquished.

Grand Total: 167 creatures vanquished

Notes
Turn   | Place    | Note
-------+----------+-------------------------------------------
     0 | D:1      | Gauvater the Octopode Fire Elementalist began the quest for
                  | the Orb.
     0 | D:1      | Reached XP level 1. HP: 11/11 MP: 3/3
   314 | D:1      | Reached XP level 2. HP: 17/17 MP: 0/5
   965 | D:1      | Reached XP level 3. HP: 21/21 MP: 4/6
  2233 | D:2      | Reached XP level 4. HP: 27/27 MP: 5/8
  2384 | D:3      | Reached skill level 4 in Fire Magic
  2395 | D:3      | Reached XP level 5. HP: 13/31 MP: 1/9
  2716 | D:3      | Noticed Terence
  2972 | D:3      | Noticed Ijyb
  2983 | D:3      | HP: 1/31 [Ijyb/+5 club (9)]
  2984 | D:3      | Slain by Ijyb

Illustrated notes

Levels and vault maps discovered:
D:1:      giann_forest_graveyard, layout_basic, lemuel_another_geyser
D:2:      layout_rooms
D:3:      layout_basic, uniq_robin, uniq_terence, uniq_ijyb

Skill      XL: |  1  2  3  4 |
---------------+-------------+-----
Stealth        | 3 |  3.3
Spellcasting   | 3 |  3.2
Fire Magic     | 4 |  4.2
Fighting       | |  0.1
Dodging        | |  2.1
Conjurations   | |  1.9

Action                   |  1- 3 |  4- 6 || total
-------------------------+-------+-------++-------
Melee: Constrict         |     3 |     6 ||     9
       Unarmed           |     3 |       ||     3
       Falchion          |     1 |    15 ||    16
       Tentacles         |     1 |     2 ||     3
 Cast: Foxfire           |    44 |    24 ||    68
  Use: Scroll            |       |     4 ||     4
Armor: Skin              |     4 |       ||     4
Dodge: Dodged            |     5 |    12 ||    17
       Rpst.: Falchion   |       |     3 ||     3
